 Dungeon Crawl Stone Soup version 0.30-a0-879-ga8ba668304 (webtiles) character file.

Game seed: 1430267827948095260

1980 M4edhros the Conjurer (level 9, -7/61 HPs)
             Began as an Octopode Artificer on Mar 14, 2023.
             Mangled by a human
             ... wielding the +2 battleaxe "Lifebane" {protect, rF++ Will-}
              (18 damage)
             ... on level 7 of the Dungeon.
             The game lasted 00:10:17 (4296 turns).

M4edhros the Conjurer (Octopode Artificer)          Turns: 4296, Time: 00:10:17

Health: -7/61      AC:  8    Str: 21    XL:     9   Next: 20%
Magic:  15/15      EV: 15    Int: 14    God:
Gold:   249        SH:  0    Dex: 16    Spells: 15/17 levels left

rFire   + . .      SeeInvis .    y - +5 dire flail (protect)
rCold   x . .      Faith    .    (shield currently unavailable)
rNeg    . . .      Spirit   .    (helmet restricted)
rPois   .          Reflect  .    o - amulet of the acrobat
rElec   .          Rampage  .    e - +6 ring of strength
rCorr   .                        m - +6 ring of strength
Will    .....                    j - ring of protection from fire
Stlth   +++                      (no ring)
HPRegen 0.30/turn                (no ring)
MPRegen 0.14/turn                (no ring)
                                 (no ring)
                                 (no ring)

@: mighty, under a protective aura, attractive, flying
A: almost no armour, amphibious, 8 rings, camouflage 1, gelatinous body 1,
(nimble swimmer 1), tentacles, weak 1, evolution 1, cold vulnerability 1
a: no special abilities


You were on level 7 of the Dungeon.
You visited 2 branches of the dungeon, and saw 8 of its levels.

You collected 249 gold pieces.

Inventory:

Hand Weapons
 y - a +5 dire flail of protection (weapon)
Missiles
 u - 11 poisoned darts
Jewellery
 e - a +6 ring of strength (left tentacle)
 j - a ring of protection from fire (on tentacle)
 m - a +6 ring of strength (right tentacle)
 o - an amulet of the acrobat (around mantle)
Wands
 b - a wand of flame (11) (quivered)
 c - a wand of charming (10)
 d - a wand of iceblast (2)
Scrolls
 a - a scroll of teleportation
 i - 2 scrolls of amnesia
 l - 4 scrolls of enchant armour
 t - a scroll of butterflies
Potions
 f - a potion of heal wounds {unknown}
 g - 2 potions of flight
 h - 3 potions of curing
 k - 4 potions of brilliance {unknown}
 v - a potion of haste
 w - a potion of invisibility {unknown}


   Skills:
 + Level 5.3 Fighting
 * Level 1.8 Maces & Flails
 + Level 5.6 Dodging
 - Level 1.3 Stealth
 + Level 4.6 Spellcasting
 * Level 6.9 Conjurations
 - Level 3.2 Evocations


You had 15 spell levels left.
You knew the following spells:

 Your Spells              Type           Power      Damage    Failure   Level
a - Searing Ray           Conj           44%        2d6       1%          2

Your spell library contained the following spells:

 Spells                   Type           Power      Damage    Failure   Level
 Magic Dart               Conj           88%        1d7       1%          1
 Fulminant Prism          Conj/Hex       6%         3d7       41%         4


Dungeon Overview and Level Annotations

Branches:
Dungeon (7/15)             Temple (1/1) D:6

Altars:
Ashenzari
Dithmenos
Elyvilon
Fedhas
Gozag
Hepliaklqana
Kikubaaqudgha
Makhleb
Nemelex Xobeh
Okawaru
Qazlal
Ru
Sif Muna
Trog
Vehumet
Wu Jian
Xom
Yredelemnul
Zin
The Shining One

Shops:
D:5 [


Innate Abilities, Weirdness & Mutations

You cannot wear most types of armour.
You are amphibious.
You can wear up to eight rings at the same time.
Your skin changes colour to match your surroundings (Stealth+).
Your rubbery body absorbs attacks. (AC +1, EV +1)
((You are camouflaged when in or above water. (Stealth+)))
You have tentacles for arms and can constrict up to eight enemies at once.
You are weak. (Str -2)
You have hidden genetic potential.
You are vulnerable to cold. (rC-)


Message History

The water moccasin is almost dead.
The water moccasin bites you but does no damage.
The human closely misses you. The human hits you with a +0 club!
The water moccasin bites you but does no damage.
You closely miss the human. Your grab misses the human. You squeeze the human.
You kill the human!
The human barely misses you. The water moccasin misses you.
The human misses you.
Unknown command.
You barely miss the water moccasin. Your grab misses the water moccasin.
The water moccasin is almost dead.
The water moccasin barely misses you. The human barely misses you.
A human comes into view.
It is wielding the +2 battleaxe "Lifebane" {protect, rF++ Will-}.
The water moccasin misses you. The human barely misses you.
The human is attracted toward you.
You sock the water moccasin!
Your weapon exudes an aura of protection.
You kill the water moccasin!
The human misses you. The human hits you but does no damage.
The human hits you with a +0 club. The human is attracted toward you.
Unknown command.
You closely miss the human. You grab the human. Your squeeze misses the human.
You constrict the human. The human misses you.
The human hits you with a +0 club. The human barely misses you.
Unknown command.
You sock the human!
The human is heavily wounded.
You constrict the human, but do no damage.
The human hits you.
* * * LOW HITPOINT WARNING * * *
The human closely misses you.
The human hits you with the +2 battleaxe "Lifebane" {protect, rF++ Will-}!
* * * LOW HITPOINT WARNING * * *
The human hits you but does no damage.
You feel better.
You constrict the human, but do no damage.
The human hits you with a +0 club!
* * * LOW HITPOINT WARNING * * *
The human hits you with the +2 battleaxe "Lifebane" {protect, rF++ Will-}!!
You die...

#.# #########.##,* #.**
#.........#*,* #.,*
#.#######.#*,* *,,* #.#
#.#*,* #,,* ###.# #.#*,*
##.,* #...#######.#*,**
#...** #...........#*,,,
#....####...#########****
***#.......@...# *
*,,.......ppp..# *
*,,.......#[.### *
*,,..........# *
***.#####....# *
*,*,,,#....# ********
*,*+**#...$# *,,,,,,,
*,,,,,.....# *,*****,
*,,,,.....## *,* *,


You could see 3 humans.

Vanquished Creatures
  2 humans (D:7)
  Menkaure (D:6)
  A water moccasin (D:7)
  Edmund (D:6)
  Duvessa (D:5)
  A black bear (D:4)
  An orc warrior (D:6)
  3 ogres
  A kobold brigand (D:6)
  A bullfrog (D:6)
  3 scorpions
  Dowan (D:5)
  A howler monkey (D:6)
  4 hounds
  6 iguanas
  5 orc wizards
  7 adders
  A shadow imp (D:5)
  A white imp (D:6)
  A worm (D:3)
  A dart slug (D:3)
  19 orcs
  A giant cockroach (D:1)
  7 hobgoblins
  3 jackals (D:3)
  8 kobolds
  3 quokkas
  3 ball pythons
  A bat (D:1)
  A frilled lizard (D:1)
  3 rats
93 creatures vanquished.

Vanquished Creatures (others)
  A human (D:7)
1 creature vanquished.

Grand Total: 94 creatures vanquished

Notes
Turn   | Place    | Note
-------+----------+-------------------------------------------
     0 | D:1      | M4edhros the Octopode Artificer began the quest for the
                  | Orb.
     0 | D:1      | Reached XP level 1. HP: 13/13 MP: 1/1
   184 | D:2      | Reached XP level 2. HP: 10/18 MP: 1/3
   487 | D:3      | Reached skill level 1 in Spellcasting
   678 | D:4      | Reached XP level 3. HP: 24/24 MP: 4/4
   713 | D:4      | Learned a level 2 spell: Searing Ray
   753 | D:4      | Noticed a scorpion
   796 | D:5      | Entered Level 5 of the Dungeon
   811 | D:4      | Reached skill level 1 in Conjurations
   835 | D:4      | Gained mutation: Your spells are a little easier to cast,
                  | but a little less powerful. [potion of mutation]
   835 | D:4      | Gained mutation: You are strong-willed. (Will+) [potion of
                  | mutation]
   843 | D:4      | Reached XP level 4. HP: 29/29 MP: 6/6
  1144 | D:4      | Noticed a black bear
  1154 | D:4      | Killed a black bear
  1155 | D:4      | Reached skill level 2 in Conjurations
  1155 | D:4      | Reached XP level 5. HP: 18/35 MP: 6/8
  1236 | D:4      | Reached XP level 6. HP: 24/41 MP: 9/9
  1294 | D:5      | Reached skill level 3 in Conjurations
  1403 | D:5      | Reached XP level 7. HP: 11/46 MP: 4/11
  1789 | D:5      | Reached skill level 4 in Conjurations
  1789 | D:5      | Found Moluenas's Antique Armour Emporium.
  1969 | D:5      | Noticed Dowan
  1970 | D:5      | Noticed Duvessa
  1978 | D:5      | Killed Duvessa
  1983 | D:5      | Killed Dowan
  2661 | D:5      | Lost mutation: Your spells are a little easier to cast, but
                  | a little less powerful. [potion of mutation]
  2661 | D:5      | Lost mutation: You are strong-willed. (Will+) [potion of
                  | mutation]
  2661 | D:5      | Gained mutation: You expend magic power (3 MP) to
                  | strengthen your wands. [potion of mutation]
  2661 | D:5      | Gained mutation: You are frail. (-10% HP) [potion of
                  | mutation]
  2661 | D:5      | Gained mutation: You are strong-willed. (Will+) [potion of
                  | mutation]
  2807 | D:6      | Reached skill level 5 in Conjurations
  2816 | D:6      | Reached XP level 8. HP: 43/48 MP: 13/13
  2953 | D:6      | Reached skill level 5 in Dodging
  2968 | D:6      | Noticed Edmund
  3030 | D:6      | Noticed Menkaure
  3038 | D:6      | Killed Menkaure
  3039 | D:6      | Reached skill level 6 in Conjurations
  3079 | D:6      | Lost mutation: You are frail. (-10% HP) [potion of
                  | mutation]
  3079 | D:6      | Lost mutation: You expend magic power (3 MP) to strengthen
                  | your wands. [potion of mutation]
  3079 | D:6      | Lost mutation: You are strong-willed. (Will+) [potion of
                  | mutation]
  3079 | D:6      | Gained mutation: You are weak. (Str -2) [potion of
                  | mutation]
  3079 | D:6      | Gained mutation: You have hidden genetic potential. [potion
                  | of mutation]
  3079 | D:6      | Gained mutation: You are vulnerable to cold. (rC-) [potion
                  | of mutation]
  3157 | D:6      | Found a staircase to the Ecumenical Temple.
  3169 | Temple   | Entered the Ecumenical Temple
  3806 | D:6      | Killed Edmund
  3807 | D:6      | Reached skill level 5 in Fighting
  3896 | D:6      | Reached XP level 9. HP: 61/61 MP: 15/15
  4290 | D:7      | Reached skill level 1 in Maces & Flails
  4292 | D:7      | Identified the +2 battleaxe "Lifebane" {protect, rF++
                  | Will-}
  4296 | D:7      | Mangled by a human

Illustrated notes

Levels and vault maps discovered:
D:1:      matt_arrival_grand_opening, layout_rooms
D:2:      layout_rooms, basic_altar
D:3:      layout_basic
D:4:      kb_forest_paths, layout_basic
D:5:      layout_cave_pods, serial_shops, shop, uniq_duvessa
D:6:      layout_loops_corners, minmay_temple_entry_slanted, uniq_edmund,
          uniq_menkaure
D:7:      layout_loops_ring, kennysheep_mini_moat, minmay_ruffians
Temple:   mainiacjoe_temple_big_plus

Skill      XL: |  1  2  3  4  5  6  7  8  9 |
---------------+----------------------------+-----
Spellcasting   | 1 2 3 4 |  4.6
Fighting       | 2 3 4 5 |  5.3
Dodging        | 3 4 5 |  5.6
Conjurations   | 1 2 3 5 6 |  6.9
Maces & Flails | 1 |  1.8
Stealth        | |  1.3
Evocations     | |  3.2

Action                     |  1- 3 |  4- 6 |  7- 9 || total
---------------------------+-------+-------+-------++-------
  Melee: Unarmed           |    63 |    57 |    89 ||   209
         Constrict         |    19 |    16 |    27 ||    62
         Tentacles         |    15 |    17 |    24 ||    56
         Punch             |     1 |     2 |     2 ||     5
         Dire flail        |       |       |    16 ||    16
   Cast: Searing Ray       |       |     5 |    14 ||    19
  Evoke: Wand              |     1 |     6 |     5 ||    12
    Use: Potion            |     3 |       |    11 ||    14
         Scroll            |       |       |     8 ||     8
   Stab: Sleeping          |     6 |       |     5 ||    11
 Armour: Skin              |     5 |     5 |     7 ||    17
  Dodge: Dodged            |    37 |    31 |   104 ||   172

Table legend: (Time is in decaauts)
 A = Elapsed time spent in this place.
 B = Non-inter-level travel time spent in this place.
 C = Inter-level travel time spent in this place.
 D = Time resting spent in this place.
 E = Time spent auto-exploring this place.
 F = Levels seen in this place.
 G = Mean time per level.
                   A        B        C        D        E       F      G
               +--------+--------+--------+--------+--------+-----+--------+
         Total |   4287 |   4079 |    208 |      7 |   2855 |   8 |  535.9 |
       Dungeon |   3936 |   3791 |    145 |      7 |   2617 |   7 |  562.3 |
        Temple |    350 |    287 |     63 |      0 |    238 |   1 |  350.0 |
               +--------+--------+--------+--------+--------+-----+--------+

Top non-repeatable levels by time:
     D:5: 1451 daAuts
     D:6: 1115 daAuts
     D:4: 678 daAuts
  Temple: 350 daAuts
     D:2: 216 daAuts
     D:3: 216 daAuts
     D:1: 176 daAuts
     D:7: 81 daAuts
